 Dungeon Crawl Stone Soup version 0.30.0 (webtiles) character file.

Game seed: 18107332716921183126

82568 Minorbread the Scorcher (level 15, 0/169 HPs)
             Began as a Black Draconian Fire Elementalist on May 30, 2023.
             Was a High Priest of Vehumet.
             Slain by a ghost moth (9 damage)
             ... on level 1 of the Spider Nest.
             The game lasted 01:33:44 (33712 turns).

Minorbread the Scorcher (DrFE)                     Turns: 33712, Time: 01:33:45

Health: 0/169      AC: 31    Str:  8 (11) XL:     15   Next: 29%
Magic:  0/31       EV:  2    Int: 16 (22) God:    Vehumet [*****.]
Gold:   1816       SH:  5    Dex: 10 (12) Spells: 4/38 levels left

rFire   + . .        o - staff of poison
rCold   . . .        (no shield)
rNeg    . . .        (body armour unavailable)
rPois   +            F - melded +2 hat
rElec   .            f - melded +2 cloak
rCorr   .            A - melded +0 pair of gloves
SInv    .            w - melded +0 pair of boots
Will    +....        s - amulet of reflection
Stlth   ++           H - +4 ring of protection
HPRegen 0.48/turn    e - ring of protection from fire
MPRegen 0.22/turn

%: reflection
@: mighty, tree-form
A: stationary, stasis, torment immunity, boosted hp, (breathe lightning), AC +9,
unfitting armour, (big wings), (electricity resistance), (cold-blooded)
a: Renounce Religion


You were on level 1 of the Spider Nest.
You worshipped Vehumet.
Vehumet was extremely pleased with you.
You were a tree.
You visited 6 branches of the dungeon, and saw 24 of its levels.

You collected 1816 gold pieces.

Inventory:

Hand Weapons
 D - a +0 dagger of venom
 M - the +4 shortbow of Geshreb {speed, rPois SInv}
   (You found it on level 5 of the Lair of Beasts)

   rPois:     It protects you from poison.
   SInv:      It lets you see invisible.
Missiles
 x - 4 throwing nets
Armour
 f - a +2 cloak (melded)
 p - a +0 buckler
 w - a +0 pair of boots (melded)
 A - a +0 pair of gloves (melded)
 F - a +2 hat (melded)
Magical Staves
 o - a staff of poison (weapon)
Jewellery
 e - a ring of protection from fire (right branch)
 i - a +5 ring of evasion
 k - a ring of resist corrosion
 s - an amulet of reflection (around neck)
 H - a +4 ring of protection (left branch)
 L - a ring of positive energy
 Q - a +6 ring of strength
Wands
 c - a wand of polymorph (6)
 d - a wand of roots (38)
 t - a wand of flame (47)
 v - a wand of digging (16)
 K - a wand of quicksilver (14)
Scrolls
 b - 4 scrolls of enchant weapon
 m - 3 scrolls of amnesia
 n - 5 scrolls of magic mapping
 q - 8 scrolls of teleportation
 y - 2 scrolls of fog
 B - a scroll of fear
 G - 7 scrolls of identify
 I - 4 scrolls of poison
 N - a scroll of torment {unknown}
 R - a scroll of brand weapon {unknown}
Potions
 g - 2 potions of brilliance
 h - 7 potions of curing
 j - 3 potions of attraction
 l - 3 potions of mutation
 r - a potion of berserk rage
 z - 3 potions of ambrosia
 O - 2 potions of flight {unknown}
 P - a potion of haste {unknown}


   Skills:
 - Level 5.0 Fighting
 - Level 5.0 Dodging
 - Level 1.7 Stealth
 - Level 5.0 Shields
 + Level 12.1 Spellcasting
 - Level 11.3 Conjurations
 + Level 5.9 Transmutations
 - Level 15.0 Fire Magic
 - Level 10.0 Air Magic
 - Level 10.0 Poison Magic


You had 4 spell levels left.
You knew the following spells:

 Your Spells              Type           Power      Damage    Failure   Level
a - Poisonous Vapours     Pois/Air       100%       N/A       1%          2
b - Scorch                Fire           100%       2d9       0%          2
c - Ignite Poison         Fire/Tmut/Pois 59%        N/A       1%          3
d - Starburst             Conj/Fire      25%        6d8       1%          6
e - Fireball              Conj/Fire      25%        3d11      1%          5
f - Olgreb's Toxic Radia  Pois           58%        N/A       1%          4
g - Plasma Beam           Fire/Air       24%        2x1d40    1%          6
h - Eringya's Noxious Bo  Tmut/Pois      26%        N/A       11%         6

Your spell library contained the following spells:

 Spells                   Type           Power      Damage    Failure   Level
 Foxfire                  Conj/Fire      100%       2x1d9     1%          1
 Magic Dart               Conj           100%       1d8       1%          1
 Sting                    Tmut/Pois      100%       1d8       1%          1
 Cigotuvi's Dreadful Rot  Necr/Pois/Air  92%        N/A       1%          2
 Searing Ray              Conj           90%        2d7       1%          2
 Wereblood                Tmut           28%        N/A       1%          2
 Inner Flame              Hex/Fire       33%        N/A       1%          3
 Volatile Blastmotes      Fire/Tloc      66%        2d15      1%          3
 Flame Wave               Conj/Fire      51%        2d13      1%          4
 Fulminant Prism          Conj/Hex       13%        3d8       1%          4
 Sticky Flame             Conj/Fire      51%        2d7       1%          4
 Sublimation of Blood     Necr           9%         N/A       11%         2
 Call Canine Familiar     Summ           9%         N/A       22%         3
 Ozocubu's Armour         Ice            9%         N/A       22%         3
 Portal Projectile        Hex/Tloc       18%        N/A       22%         3
 Leda's Liquefaction      Hex/Erth       4%         N/A       58%         4
 Iskenderun's Battlesphe  Conj           45%        2d10      1%          5
 Freezing Cloud           Conj/Ice/Air   16%        6-21      3%          5
 Iron Shot                Conj/Erth      13%        9d3       28%         6
 Lee's Rapid Deconstruct  Erth           4%         3d5*      45%         5
 Spellforged Servitor     Conj/Summ      13%        N/A       80%         7
 Statue Form              Tmut/Erth      12%        N/A       97%         6
 Fire Storm               Conj/Fire      25%        8d7       99%         9
 Ozocubu's Refrigeration  Ice            4%         4d8       100%        7
 Summon Hydra             Summ           4%         N/A       100%        7


Dungeon Overview and Level Annotations

Branches:
Dungeon (14/15)            Temple (1/1) D:5            Lair (5/5) D:11
  Swamp (1/4) Lair:2       Spider (1/4) Lair:2        Slime (0/5) Lair:4
    Orc (2/2) D:9             Elf (0/3) Orc:2
 Vaults: D:13-14

Altars:
Ashenzari
Dithmenos
Hepliaklqana
Kikubaaqudgha
Makhleb
Qazlal
Ru
Uskayaw
Vehumet
The Shining One

Shops:
D:9 [   Orc:2 :(=(

Portals:
Hell: Lair:5

Annotations:
D:3 Grinder
D:4 exclusion: door
D:7 2 transporters, geeeeen's ghost, novice DsCj
Lair:5 3 runed translucent doors, Draconius's ghost, journeyman GrNe; alexhoolio's ghost, journeyman SpEn


Innate Abilities, Weirdness & Mutations

You are a tree.
Your roots penetrate the ground, keeping you stationary.
You cannot be teleported.
You are immune to unholy pain and torment.
Your maximum health is greatly increased.
Your equipment is partially melded.
((You can breathe wild blasts of lightning.))
((Your glossy black scales are hard. (AC +9)))
You cannot fit into any form of body armour.
((Your large and strong wings let you fly.))
((You are resistant to electric shocks. (rElec)))
((You are cold-blooded and may be slowed by cold attacks.))


Message History

Press: ? - help, Dir - move target You barely miss something.
You feel you are being watched by something.
Something hits you but does no damage. You block something's attack.
Something completely misses you. Something hits you but does no damage.
Something completely misses you.
Something stings you but does no damage.
Hit: o) staff of poison
Press: ? - help, Dir - move target You barely miss something.
Your punch misses something.
You feel you are being watched by something.
Something hits you but does no damage. x2
Something stings you but does no damage.
Hit: o) staff of poison
Press: ? - help, Dir - move target You hit something.
You feel you are being watched by something.
Something hits you but does no damage. Something hits you.
* * * LOW HITPOINT WARNING * * *
Something stings you but does no damage.
Something hits you!
* * * LOW HITPOINT WARNING * * *
You feel dopey. Something completely misses you.
Something stings you but does no damage.
Hit: o) staff of poison
Press: ? - help, Dir - move target You miss something.
Something hits you but does no damage. Something hits you.
* * * LOW HITPOINT WARNING * * *
Something stings you.
* * * LOW HITPOINT WARNING * * *
Hit: o) staff of poison
Press: ? - help, Dir - move target You miss something.
You feel you are being watched by something.
You feel your power leaking away. Something hits you but does no damage.
Something hits you.
* * * LOW HITPOINT WARNING * * *
Something stings you!
You die...

############# #
#..#....#...# ..
#..#....#...#..
#..#...........
#..♣{.#....#..#
#.....#....##
#...####..^.## ###
#..##.(......###.##
#..#.......###....##
#..##..##.##......##
#.. #...###^..#....#
#.. #...#....###...#
####..#...##.##..#


There were no monsters in sight!

Vanquished Creatures
  Kirke (Lair:4)
  An orc warlord (Orc:1)
  Nessos (Lair:4)
  2 eleionomae (Lair:2)
  A bunyip (Lair:2)
  Fannar (Lair:3)
  Harold (D:9)
  4 hydras
  A catoblepas (Lair:3)
  An alligator (Swamp:1)
  A centaur warrior (D:14)
  A radroach (Spider:1)
  2 boulder beetles
  4 orc high priests
  Sonja (Orc:1)
  A sixfirhy (Lair:5)
  5 skysharks
  2 goliath frogs (Swamp:1)
  A spriggan druid (Swamp:1)
  A steelbarb worm (Spider:1)
  2 wizards
  6 orc knights
  Pikel (D:9)
  A deep elf pyromancer (D:12)
  4 wolf spiders (Spider:1)
  A cyclops (D:12)
  4 orc sorcerers
  A manticore (D:12)
  6 ugly things
  4 elephants
  Maurice (Orc:1)
  A moth of wrath (Spider:1)
  2 demonic crawlers (Spider:1)
  A centaur zombie (D:9)
  5 black mambas
  A smoke demon (Lair:5)
  10 cane toads
  2 torpor snails
  An orange demon (Lair:5)
  2 centaur skeletons (D:9)
  2 unseen horrors (D:12)
  A gargoyle (D:12)
  6 rime drakes
  8 komodo dragons
  9 trolls
  4 ice devils (Lair:5)
  A red devil (Lair:5)
  3 tyrant leeches
  A tarantella (Spider:1)
  2 hellwings (D:9)
  2 polar bears
  4 hornets (Swamp:1)
  19 blink frogs
  11 dream sheep (Lair:5)
  2 bloated husks (Swamp:1)
  Sigmund (D:4)
  4 spriggans (Swamp:1)
  2 jumping spiders (Spider:1)
  6 slime creatures (D:12)
  2 vampires (D:13)
  4 wraiths
  3 culicivoras (Spider:1)
  9 wyverns
  38 yaks
  A hog (shapeshifter) (D:13)
  3 hogs (Lair:4)
  A steam dragon (D:7)
  10 vampire mosquitoes
  2 redbacks (Spider:1)
  5 basilisks
  5 swamp worms (Swamp:1)
  3 hell hounds (Lair:5)
  5 acid dragons
  16 water moccasins
  5 black bears
  An ice beast (D:7)
  35 orc warriors
  10 wolves
  9 ogres
  2 centaurs
  2 phantoms (D:4)
  A lemure (D:9)
  2 kobold brigands
  12 bullfrogs
  2 gnoll sergeants
  5 scorpions
  5 wights (D:8)
  24 killer bees
  2 electric eels
  5 howler monkeys
  A lava snake (Lair:3)
  7 jellies
  38 orc priests
  2 hounds
  Terence (D:3)
  5 iguanas
  26 orc wizards
  12 gnolls
  8 adders
  A shadow imp (D:7)
  A white imp (D:7)
  2 worms
  5 dart slugs
  85 orcs
  7 endoplasms
  2 giant cockroaches (D:1)
  4 hobgoblins
  11 jackals
  5 kobolds
  A quokka (D:3)
  3 ball pythons
  A bat (D:1)
  3 frilled lizards
  8 goblins
  7 rats
652 creatures vanquished.

Vanquished Creatures (others)
  A bog body (Swamp:1)
  A bloated husk (Swamp:1)
  A vampire mosquito (Swamp:1)
  20 foxfires
  49 fungi
  41 plants
  3 withered plants (D:9)
116 creatures vanquished.

Grand Total: 768 creatures vanquished

Notes
Turn   | Place    | Note
-------+----------+-------------------------------------------
     0 | D:1      | Minorbread the Draconian Fire Elementalist began the quest
                  | for the Orb.
     0 | D:1      | Reached XP level 1. HP: 14/14 MP: 3/3
   156 | D:1      | You fall into a shaft and drop 1 floor!
   364 | D:1      | Reached XP level 2. HP: 20/20 MP: 1/5
   367 | D:1      | Learned a level 2 spell: Scorch
   778 | D:1      | Reached XP level 3. HP: 26/26 MP: 1/7
  1740 | D:2      | Reached XP level 4. HP: 33/33 MP: 7/10
  2380 | D:3      | Noticed Terence
  2391 | D:3      | Killed Terence
  2764 | D:3      | Noticed Grinder
  3196 | D:4      | Reached skill level 5 in Spellcasting
  3196 | D:4      | Reached XP level 5. HP: 38/38 MP: 2/12
  3286 | D:4      | Found a stormy altar of Qazlal.
  3432 | D:4      | Found a sacrificial altar of Ru.
  3441 | D:4      | Noticed Sigmund
  3445 | D:4      | Identified a scroll of acquirement
  3445 | D:4      | Acquired the Excursus on the Fiery Scorpion
  3455 | D:4      | Killed Sigmund
  3456 | D:4      | Reached skill level 4 in Fire Magic
  3456 | D:4      | Reached XP level 6. HP: 31/45 MP: 0/13
  3670 | D:4      | Found a shadowy altar of Dithmenos.
  3674 | D:4      | Learned a level 2 spell: Poisonous Vapours
  3678 | D:4      | Learned a level 3 spell: Ignite Poison
  4106 | D:4      | Your scales start taking on a glossy black colour.
  4106 | D:4      | Reached XP level 7. HP: 44/50 MP: 1/14
  4106 | D:4      | Gained mutation: You are resistant to electric shocks.
                  | (rElec) [Black Draconian growth]
  4297 | D:4      | Noticed a yak
  4363 | D:5      | Entered Level 5 of the Dungeon
  4374 | D:4      | Reached skill level 1 in Poison Magic
  4488 | D:4      | Reached skill level 5 in Fire Magic
  4488 | D:4      | Reached skill level 1 in Air Magic
  4923 | D:5      | Reached skill level 1 in Transmutations
  4944 | D:5      | Reached XP level 8. HP: 57/57 MP: 4/15
  5457 | D:5      | Found a staircase to the Ecumenical Temple.
  5528 | Temple   | Entered the Ecumenical Temple
  5535 | Temple   | Became a worshipper of Vehumet
  5621 | D:5      | Found a hide-covered altar of Uskayaw.
  5956 | D:6      | Reached skill level 5 in Air Magic
  6414 | D:6      | Reached skill level 6 in Fire Magic
  6414 | D:6      | Reached skill level 5 in Poison Magic
  6947 | D:7      | Learned a level 4 spell: Flame Wave
  6959 | D:7      | Reached XP level 9. HP: 60/62 MP: 14/16
  6994 | D:7      | Reached skill level 5 in Conjurations
  7264 | D:7      | Found a hazy altar of Hepliaklqana.
  7435 | D:7      | Reached skill level 7 in Fire Magic
  7519 | D:7      | Reached * piety under Vehumet
  7519 | D:7      | Offered knowledge of Kiss of Death by Vehumet.
  7990 | D:7      | Found a transporter.
  7997 | D:7      | Noticed a moth of wrath
  7997 | D:7      | Noticed geeeeen's ghost (novice DsCj)
  8293 | D:7      | Reached skill level 8 in Fire Magic
  8613 | D:7      | Found a transporter.
  8682 | D:8      | Reached skill level 1 in Fighting
  8968 | D:8      | Offered knowledge of Freeze by Vehumet.
  8988 | D:8      | Reached ** piety under Vehumet
  9760 | D:8      | Found a glowing golden altar of the Shining One.
  9989 | D:8      | Learned a level 5 spell: Fireball
 10001 | D:9      | Reached XP level 10. HP: 78/78 MP: 10/17
 10281 | D:9      | Noticed Pikel
 10301 | D:9      | Killed Pikel
 10651 | D:9      | Noticed Harold
 10656 | D:9      | Killed Harold
 10674 | D:9      | Reached skill level 9 in Fire Magic
 10728 | D:9      | Found a staircase to the Orcish Mines.
 10730 | D:9      | Found Idgherimp's Armour Boutique.
 10833 | D:9      | Found an ancient bone altar of Kikubaaqudgha.
 11072 | D:9      | Offered knowledge of Momentum Strike by Vehumet.
 11692 | D:9      | Reached *** piety under Vehumet
 12102 | D:9      | Found the +4 Cigotuvi's embrace {Corpsefed rMiasma Drain
                  | rN+}
 12148 | D:10     | Entered Level 10 of the Dungeon
 12172 | D:10     | Reached skill level 10 in Fire Magic
 12878 | D:10     | Reached skill level 10 in Conjurations
 12878 | D:10     | Reached XP level 11. HP: 84/84 MP: 8/18
 14137 | D:11     | Offered knowledge of Iskenderun's Mystic Blast by Vehumet.
 14138 | D:11     | Reached skill level 5 in Fighting
 15203 | D:11     | Found a staircase to the Lair.
 15234 | D:11     | Reached **** piety under Vehumet
 15537 | Lair:1   | Entered Level 1 of the Lair of Beasts
 15970 | Lair:1   | Identified the +4 war axe of Utabb {venom, rPois rC+ rCorr}
 16108 | Lair:1   | Offered knowledge of Airstrike by Vehumet.
 16169 | Lair:1   | Learned a level 4 spell: Olgreb's Toxic Radiance
 16300 | Orc:1    | Entered Level 1 of the Orcish Mines
 16319 | Orc:1    | Noticed Maurice
 16434 | Orc:1    | Killed Maurice
 17109 | Orc:2    | Entered Level 2 of the Orcish Mines
 17132 | Orc:2    | Found a staircase to the Elven Halls.
 17233 | Orc:2    | Reached XP level 12. HP: 94/94 MP: 7/25
 17357 | Orc:2    | Reached ***** piety under Vehumet
 17360 | Orc:2    | Offered knowledge of Freezing Cloud by Vehumet.
 17828 | Orc:2    | Reached skill level 10 in Spellcasting
 18101 | Orc:2    | Noticed an orc high priest
 18104 | Orc:2    | Killed an orc high priest
 18124 | Orc:2    | Noticed an orc high priest
 18184 | Orc:2    | Paralysed by an orc sorcerer for 3 turns
 18192 | Orc:2    | Noticed an orc high priest
 18194 | Orc:2    | Killed an orc high priest
 18198 | Orc:2    | Paralysed by an orc sorcerer for 4 turns
 18217 | Orc:2    | Killed an orc high priest
 18218 | Orc:2    | Reached skill level 11 in Fire Magic
 18464 | Orc:2    | Found Ditoakit's Book Shop.
 18464 | Orc:2    | Found Wioleocw's Antique Weapon Shoppe.
 18466 | Orc:2    | Found Ozxai's Jewellery Shoppe.
 18466 | Orc:2    | Found Jydghunn's Antique Weapon Shop.
 18554 | Orc:1    | Reached skill level 12 in Fire Magic
 18608 | Orc:1    | Noticed an orc warlord
 18617 | Orc:1    | Killed an orc warlord
 19048 | Orc:1    | Reached skill level 13 in Fire Magic
 19059 | Orc:1    | Noticed Sonja
 19062 | Orc:1    | Killed Sonja
 19309 | Orc:1    | Noticed an orc high priest
 19312 | Orc:1    | Killed an orc high priest
 19557 | Orc:1    | Reached XP level 13. HP: 100/100 MP: 15/27
 19723 | Orc:1    | Acquired a +2 hat
 20011 | Lair:1   | Identified the +3 falchion "Vugug" {elec, *Rage +Blink
                  | Dex+5}
 20023 | Lair:1   | Reached skill level 1 in Shields
 20691 | Lair:2   | Reached skill level 14 in Fire Magic
 20742 | Lair:2   | Found a staircase to the Swamp.
 20812 | Lair:2   | You fall into a shaft and drop 1 floor!
 21559 | Lair:2   | Reached skill level 5 in Shields
 21946 | Lair:2   | Found a hole to the Spider Nest.
 22958 | Lair:3   | Noticed Fannar
 22964 | Lair:3   | Killed Fannar
 23115 | Lair:3   | Offered knowledge of Plasma Beam by Vehumet.
 23116 | Lair:3   | Reached skill level 15 in Fire Magic
 23123 | Lair:3   | Learned a level 6 spell: Plasma Beam
 23862 | Lair:4   | Found a staircase to the Slime Pits.
 24171 | Lair:4   | Reached skill level 5 in Dodging
 24406 | Lair:4   | Noticed Kirke
 24414 | Lair:4   | Killed Kirke
 24603 | Lair:4   | Noticed Nessos
 24607 | Lair:4   | Killed Nessos
 24842 | Lair:5   | Entered Level 5 of the Lair of Beasts
 24920 | Lair:5   | Gained mutation: Your large and strong wings let you fly.
                  | [Black Draconian growth]
 24920 | Lair:5   | Reached XP level 14. HP: 107/107 MP: 26/28
 24985 | Lair:5   | Found a runed translucent gate.
 24986 | Lair:5   | Found a runed translucent gate.
 24987 | Lair:5   | Found a runed translucent gate.
 24988 | Lair:5   | Noticed Draconius's ghost (journeyman GrNe)
 24989 | Lair:5   | Noticed alexhoolio's ghost (journeyman SpEn)
 26989 | Lair:5   | Reached skill level 10 in Air Magic
 27547 | Lair:5   | Found a burning altar of Makhleb.
 27773 | Lair:5   | Found a gateway to Hell.
 27780 | Lair:5   | Identified the +4 shortbow of Geshreb {speed, rPois SInv}
 27873 | Lair:5   | Reached ****** piety under Vehumet
 28112 | Lair:5   | Learned a level 6 spell: Eringya's Noxious Bog
 30578 | D:13     | Found a hide-covered altar of Uskayaw.
 31576 | D:14     | Reached skill level 5 in Transmutations
 31835 | Swamp:1  | Entered Level 1 of the Swamp
 32094 | Swamp:1  | Offered knowledge of Starburst by Vehumet.
 32095 | Swamp:1  | Reached XP level 15. HP: 113/113 MP: 13/31
 32182 | Lair:2   | Learned a level 6 spell: Starburst
 32294 | Swamp:1  | Reached skill level 10 in Poison Magic
 32312 | Swamp:1  | HP: 3/113 [alligator (7)]
 32726 | Spider:1 | Entered Level 1 of the Spider Nest
 33712 | Spider:1 | Slain by a ghost moth

Illustrated notes

Levels and vault maps discovered:
D:1:      dpeg_arrival_tiny_k, layout_basic
D:2:      layout_basic
D:3:      layout_loops_ring, minmay_distorted, uniq_terence, uniq_grinder
D:4:      minmay_chambers_of_threes, layout_gridville, general_overflow_altar,
          mainiacjoe_overflow_tiny_flanked,
          nicolae_dithmenos_through_a_glass_darkly, corner_web_ring,
          minmay_misc_feat_tower, hangedman_decor_slide_cut, minmay_hedge_maze,
          uniq_sigmund
D:5:      black_bear_nest_2, layout_rooms, kennysheep_little_box,
          minmay_temple_entry_tees
D:6:      layout_basic
D:7:      layout_loops_ring, nzn_hepliaklqana_mist_gate,
          gammafunk_ghost_berserking_beasts, minivault_11
D:8:      layout_basic, nicolae_tso_carved_into_rock
D:9:      layout_stronghold, kiku_gazebo_garden_becter, orc_david_3,
          hellmonk_guarded_unrand_cigotuvi, uniq_harold, uniq_pikel
D:10:     layout_grid_maze, nrook_campfire, blue_anna_alchemist
D:11:     layout_stronghold, lair_entry_dummy, grunt_decor_clamped,
          hangedman_decor_growths
D:12:     layout_grid_maze
D:13:     layout_roguey, nicolae_wwwww, nicolae_uskayaw_dance_hall
D:14:     layout_gridville, erik_vaults_1, hangedman_decor_clover_reticule
Temple:   regret_index_temple_waves
Lair:1:   layout_chaotic_city
Lair:2:   layout_layer_cave, minmay_swamp_entry_worms, spider_nest_entry_webs,
          st_stairs_11, chequers_serial_rivers_marsh
Lair:3:   layout_gridlike, nicolae_quartered_pool_impasse,
          chequers_serial_rivers_micro_e, uniq_fannar
Lair:4:   layout_cellular_growth, nicolae_slime_entry_slimehenge, uniq_nessos,
          uniq_kirke
Lair:5:   evil_forest, layout_cellular_growth, gammafunk_ghost_cemetery,
          lemuel_fruit_tree, grunt_megastairs_2
Swamp:1:  layout_basic_swamp, serial_swamp_ruin, evilmike_swamp_ruin_rubble_1,
          evilmike_swamp_ruin_house_6, evilmike_swamp_ruin_wall
Spider:1: layout_spider_delve
Orc:1:    orc_temple, layout_caves, uniq_maurice, uniq_sonja
Orc:2:    grunt_orc_tribal_feast, layout_diamond_mine, basic_altar

Skill      XL: |  1  2  3  4  5  6  7  8  9 10 11 12 13 14 15 |
---------------+----------------------------------------------+-----
Spellcasting   | 3 4 5 9 10 12 | 12.1
Conjurations   | 3 4 7 10 11 | 11.3
Fire Magic     | 4 5 6 8 10 13 15 | 15.0
Poison Magic   | 3 5 6 7 8 9 10 | 10.0
Air Magic      | 3 5 7 10 | 10.0
Transmutations | 1 2 5 |  5.9
Fighting       | 3 4 5 |  5.0
Shields        | 5 |  5.0
Dodging        | 5 |  5.0
Stealth        | |  1.7

Action                     |  1- 3 |  4- 6 |  7- 9 | 10-12 | 13-15 || total
---------------------------+-------+-------+-------+-------+-------++-------
  Melee: Dagger            |    27 |    30 |    53 |    58 |       ||   168
         Tailslap          |       |     5 |     8 |    10 |     2 ||    25
         Punch             |       |     1 |       |     2 |     1 ||     4
         Staff             |       |       |       |       |    25 ||    25
   Cast: Foxfire           |    13 |       |       |       |       ||    13
         Scorch            |    31 |    47 |   107 |   103 |   131 ||   419
         Poisonous Vapours |       |       |    77 |   216 |   238 ||   531
         Ignite Poison     |       |       |    24 |   111 |   129 ||   264
         Flame Wave        |       |       |     2 |     4 |     2 ||     8
         Fireball          |       |       |       |     7 |    34 ||    41
         Olgreb's Toxic Ra |       |       |       |    25 |    22 ||    47
         Plasma Beam       |       |       |       |       |    61 ||    61
Ability: Breathe Lightning |       |       |     5 |       |       ||     5
  Evoke: Wand              |       |       |     2 |       |       ||     2
    Use: Potion            |     1 |       |       |     1 |    12 ||    14
         Scroll            |       |    10 |     5 |     5 |    11 ||    31
   Stab: Sleeping          |       |     2 |       |       |       ||     2
 Armour: Skin              |    12 |    11 |    43 |   104 |   122 ||   292
  Dodge: Dodged            |    22 |    22 |    65 |   129 |    83 ||   321
  Block: Other             |       |     6 |    31 |    50 |    10 ||    97
         Reflection        |       |       |     3 |     3 |     3 ||     9
         Buckler           |       |       |       |       |    69 ||    69
